 Dungeon Crawl Stone Soup version 0.30-a0-1164-ge08a67761e (webtiles) character file.

Game seed: 25434459803852101

345 jimonade the Chopper (level 6, -4/43 HPs)
             Began as an Octopode Monk on Apr 29, 2023.
             Slain by Dowan
             ... wielding a +3 dagger of speed
              (10 damage)
             ... on level 4 of the Dungeon.
             The game lasted 00:06:21 (2911 turns).

jimonade the Chopper (Octopode Monk)                Turns: 2911, Time: 00:06:21

Health: -4/43      AC:  1    Str: 13    XL:     6   Next: 58%
Magic:  0/6        EV: 12    Int: 12    God:
Gold:   123        SH: 13    Dex: 14    Spells: 5/5 levels left

rFire   . . .        a - +0 hand axe
rCold   . . .        p - +5 Storm Queen's Shield {shock, Fly rElec}
rNeg    + . .        (helmet restricted)
rPois   .            u - amulet of guardian spirit
rElec   +            k - ring of positive energy
rCorr   .            (no ring)
SInv    .            (no ring)
Will    .....        (no ring)
Stlth   +++          (no ring)
HPRegen 0.27/turn    (no ring)
MPRegen 0.10/turn    (no ring)
                     (no ring)

%: guardian spirit
@: flying
A: almost no armour, amphibious, 8 rings, camouflage 1, gelatinous body 1,
(nimble swimmer 1), tentacles
a: no special abilities


You were on level 4 of the Dungeon.
You visited 1 branch of the dungeon, and saw 4 of its levels.

You collected 123 gold pieces.

Inventory:

Hand Weapons
 a - a +0 hand axe (weapon)
 g - a +0 hand axe
 h - a +2 whip of holy wrath
 i - a +0 mace
 v - a +3 spear
Missiles
 e - 12 poisoned darts (quivered)
Armour
 c - an orb of light
 p - the +5 Storm Queen's Shield (worn) {shock, Fly rElec}
   (You took it off a kobold on level 2 of the Dungeon)

   Shock:     When it blocks an attack, it may electrocute the attacker.
   This works even against foes who are a short distance away.
   rElec:     It insulates you from electricity.
   Fly:       It grants you flight.
Jewellery
 k - a ring of positive energy (left tentacle)
 u - an amulet of guardian spirit (around mantle)
Scrolls
 f - a scroll of fear
 j - a scroll of enchant weapon
 l - 2 scrolls of fog
 m - a scroll of immolation {unknown}
 n - a scroll of summoning {unknown}
 o - a scroll of noise {unknown}
 r - a scroll of teleportation {unknown}
 s - a scroll of silence {unknown}
 t - a scroll of blinking {unknown}
 w - a scroll of poison {unknown}
Potions
 b - a potion of ambrosia
 q - a potion of curing {unknown}
 x - a potion of cancellation {unknown}


   Skills:
 + Level 4.0 Fighting
 + Level 4.6 Axes
 + Level 4.1 Dodging
 + Level 3.4 Stealth
 * Level 2.2 Shields


You had 5 spell levels left.
You didn't know any spells.
Your spell library contained the following spells:

 Spells                   Type           Power      Damage    Failure   Level
 Gell's Gravitas          Tloc           0%         N/A       98%         3
 Inner Flame              Hex/Fire       0%         N/A       98%         3
 Portal Projectile        Hex/Tloc       0%         N/A       98%         3
 Teleport Other           Tloc           0%         N/A       98%         3
 Tukima's Dance           Hex            0%         N/A       98%         3
 Flame Wave               Conj/Fire      0%         2d4       100%        4
 Sticky Flame             Conj/Fire      0%         2d3       100%        4
 Blade Hands              Tmut           0%         N/A       100%        5
 Dispersal                Tloc           0%         N/A       100%        6


Dungeon Overview and Level Annotations

Branches:
Dungeon (4/15)
 Temple: D:4-7

Altars:
Kikubaaqudgha
Vehumet

Shops:
D:2 =   D:4 :

Annotations:
D:4 Dowan


Innate Abilities, Weirdness & Mutations

You cannot wear most types of armour.
You are amphibious.
You can wear up to eight rings at the same time.
Your skin changes colour to match your surroundings (Stealth+).
Your rubbery body absorbs attacks. (AC +1, EV +1)
((You are camouflaged when in or above water. (Stealth+)))
You have tentacles for arms and can constrict up to eight enemies at once.


Message History

Duvessa is moderately wounded.
You hit Dowan but do no damage. You constrict Duvessa.
You block Dowan's attack. You block Duvessa's attack.
Dowan hits you with a +3 dagger of speed!
You hit Duvessa.
Duvessa is moderately wounded.
You closely miss Dowan. You constrict Duvessa. You block Duvessa's attack.
Dowan closely misses you.
You hit Duvessa.
Duvessa is heavily wounded.
You hit Dowan but do no damage. You constrict Duvessa.
Dowan hits you with a +3 dagger of speed.
You block Duvessa's attack.
Your shield discharges, shocking Duvessa!
Dowan casts a spell at you. The puff of frost hits you.
You hit Duvessa but do no damage.
You tentacle-slap Duvessa, but do no damage.
Duvessa is almost dead.
You closely miss Dowan. You constrict Duvessa.
Duvessa hits you with a +0 short sword! You block Dowan's attack.
You block Duvessa's attack.
Your shield discharges, shocking Duvessa!
You kill Duvessa!
Dowan's eyes darken. "You have made a black mistake."
Dowan seems to find hidden reserves of power!
Dowan barely misses you.
Your Fighting skill increases to level 4!
Your Stealth skill increases to level 3!
Your Shields skill increases to level 2!
You barely miss Dowan. Your grab misses Dowan. Your squeeze misses Dowan.
You block Dowan's attack. Dowan gestures at you while chanting.
The stone arrow hits you!
* * * LOW HITPOINT WARNING * * *
You hit Dowan. Your grab misses Dowan. Your squeeze misses Dowan.
Dowan is lightly wounded.
You block Dowan's attack.
Your shield discharges, shocking Dowan!
Dowan hits you with a +3 dagger of speed!
You die...

.. ##.#.#
..###+#..#.#
...........#
...........#
...........#
..........#
......e)..##+##
#.@.......
#.........
##.......∩
#..........
#.......... #
######..........
#####.
#...............
?.....
#...............
......#
##...............


You could see Dowan (fast).

Vanquished Creatures
  Duvessa (D:4)
  An orc priest (D:3)
  A sleepcap (D:3)
  An iguana (D:3)
  10 adders
  A worm (D:2)
  A dart slug (D:1)
  5 orcs
  5 endoplasms
  4 giant cockroaches
  6 goblins
  3 hobgoblins (D:2)
  3 quokkas
  7 ball pythons
  8 bats
  4 frilled lizards (D:2)
  8 kobolds
  5 rats
74 creatures vanquished.

Notes
Turn   | Place    | Note
-------+----------+-------------------------------------------
     0 | D:1      | jimonade the Octopode Monk began the quest for the Orb.
     0 | D:1      | Reached XP level 1. HP: 16/16 MP: 1/1
   144 | D:1      | Reached XP level 2. HP: 7/21 MP: 2/2
   728 | D:2      | Reached XP level 3. HP: 23/26 MP: 3/3
   851 | D:2      | Found Olede's Jewellery Emporium.
  1172 | D:2      | Reached XP level 4. HP: 32/32 MP: 4/4
  1545 | D:2      | Reached skill level 1 in Stealth
  1928 | D:3      | Reached XP level 5. HP: 37/37 MP: 5/5
  2198 | D:3      | Reached skill level 1 in Shields
  2459 | D:3      | Reached XP level 6. HP: 39/43 MP: 6/6
  2496 | D:3      | Found an ancient bone altar of Kikubaaqudgha.
  2863 | D:4      | Found a radiant altar of Vehumet.
  2898 | D:4      | Found Riskeys's Book Boutique.
  2899 | D:4      | Noticed Duvessa
  2901 | D:4      | Noticed Dowan
  2909 | D:4      | Killed Duvessa
  2911 | D:4      | Slain by Dowan

Illustrated notes

Levels and vault maps discovered:
D:1:      zaba_arrival_water, layout_basic
D:2:      minmay_recursive_quarters, layout_basic, serial_shops,
          nicolae_shop_pleasant_corner_grove, minmay_small_reverse_x
D:3:      wad_crossroads, layout_loops_cross, mainiacjoe_overflow_paths,
          minmay_distorted
D:4:      minmay_goblin_kobold_castle, layout_basic,
          mainiacjoe_overflow_alcove_1, fiery_altar_vehumet,
          minmay_temple_entry_glassed_door, serial_shops, shop, uniq_duvessa

Skill      XL: |  1  2  3  4  5  6 |
---------------+-------------------+-----
Stealth        | 1 2 3 |  3.4
Axes           | 4 |  4.6
Shields        | 1 2 |  2.2
Dodging        | 4 |  4.1
Fighting       | 4 |  4.0

Action                     |  1- 3 |  4- 6 || total
---------------------------+-------+-------++-------
  Melee: Hand axe          |    55 |    78 ||   133
         Tentacles         |    15 |    19 ||    34
         Constrict         |    19 |    21 ||    40
         Punch             |     2 |     5 ||     7
    Use: Scroll            |       |     3 ||     3
   Stab: Sleeping          |     2 |    10 ||    12
 Armour: Skin              |     2 |     5 ||     7
  Dodge: Dodged            |    42 |    31 ||    73
  Block: Kite shield       |       |    47 ||    47

Table legend: (Time is in decaauts)
 A = Elapsed time spent in this place.
 B = Non-inter-level travel time spent in this place.
 C = Inter-level travel time spent in this place.
 D = Time resting spent in this place.
 E = Time spent auto-exploring this place.
 F = Levels seen in this place.
 G = Mean time per level.
                   A        B        C        D        E       F      G
               +--------+--------+--------+--------+--------+-----+--------+
         Total |   2940 |   2753 |    187 |      0 |   2158 |   4 |  735.0 |
       Dungeon |   2940 |   2753 |    187 |      0 |   2158 |   4 |  735.0 |
               +--------+--------+--------+--------+--------+-----+--------+

Top non-repeatable levels by time:
     D:2: 1214 daAuts
     D:3: 959 daAuts
     D:1: 716 daAuts
     D:4: 50 daAuts
